 Dungeon Crawl Stone Soup version 0.25.1-2-g60ff931 (webtiles) character file.

Game seed: 11272352002688747337

186 Askren the Chopper (level 5, -4/47 HPs)
             Began as a Hill Orc Fighter on Aug 30, 2020.
             Slain by a gnoll
             ... wielding a +0 halberd
              (7 damage)
             ... on level 3 of the Dungeon.
             The game lasted 00:06:59 (2737 turns).

Askren the Chopper (Hill Orc Fighter)               Turns: 2737, Time: 00:06:59

Health: -4/47      AC:  8    Str: 20    XL:     5   Next: 66%
Magic:  5/5        EV:  7    Int:  8    God:
Gold:   83         SH:  9    Dex: 10    Spells: 4/4 levels left

rFire    . . .     SeeInvis .   a - +0 war axe
rCold    . . .     Gourm    .   c - +0 kite shield
rNeg     . . .     Faith    .   b - +0 scale mail
rPois    .         Spirit   .   i - +0 helmet
rElec    .         Reflect  .   (no cloak)
rCorr    .         Harm     .   (no gloves)
MR       .....                  (no boots)
Stlth    ..........             (no amulet)
HPRegen  0.15/turn              (no ring)
MPRegen  0.09/turn              (no ring)

@: no status effects
A: no striking features
a: no special abilities


You were on level 3 of the Dungeon.
You were not hungry.

You visited 1 branch of the dungeon, and saw 3 of its levels.

You collected 83 gold pieces.

Inventory:

Hand Weapons
 a - a +0 war axe (weapon)
 g - a +0 hunting sling
 m - a cursed +0 dagger
Missiles
 q - 64 stones (quivered)
Armour
 b - a +0 scale mail (worn)
 c - a +0 kite shield (worn)
 i - a +0 helmet (worn)
Jewellery
 n - an uncursed ring of flight {unknown}
Scrolls
 h - a scroll of remove curse {unknown}
 j - a scroll of noise {unknown}
 k - a scroll of enchant armour {unknown}
 p - a scroll of identify {unknown}
 t - a scroll of immolation {unknown}
Potions
 d - a potion of might
 e - 2 potions of heal wounds {unknown}
 l - a potion of magic {unknown}
 o - a potion of brilliance {unknown}
 r - a potion of curing {unknown}
Comestibles
 f - 3 rations
 s - 2 chunks of flesh


   Skills:
 + Level 4.5 Fighting
 + Level 5.0 Axes
 + Level 4.5 Armour
 + Level 0.3 Dodging
 + Level 0.1 Stealth
 + Level 3.9 Shields


You had 4 spell levels left.
You didn't know any spells.
Your spell library contained the following spells:

 Spells                   Type           Power        Failure   Level  Hunger
 Confusing Touch          Hex            #.......     100%        3    ####...
 Gell's Gravitas          Tloc           #.........   100%        3    ####...
 Petrify                  Tmut/Erth      #.......     100%        4    #####..
 Metabolic Englaciation   Hex/Ice        #.........   100%        5    ######.
 Yara's Violent Unravell  Hex/Tmut       #.........   100%        5    ######.


Dungeon Overview and Level Annotations

Branches:
Dungeon (3/15)

Altars:
Ru


Message History

The gnoll hits you but does no damage.
You barely miss the gnoll. The gnoll hits you with a +0 halberd.
You closely miss the gnoll. The gnoll hits you with a +0 halberd.
You hit the gnoll.
The gnoll is lightly wounded.
The gnoll barely misses you.
You closely miss the gnoll.
The gnoll is lightly wounded.
The gnoll hits you with a +0 halberd!
* * * LOW HITPOINT WARNING * * *
You slash the gnoll!
The gnoll is severely wounded.
The gnoll hits you with a +0 halberd.
* * * LOW HITPOINT WARNING * * *
The gnoll hits you with a +0 halberd!
* * * LOW HITPOINT WARNING * * *
You hit the gnoll but do no damage.
The gnoll is severely wounded.
The gnoll hits you with a +0 halberd!
You die...

#. .## ## ## #..##. #
#. .... .# #. #.. ..#
#. #.## #..#
#.####.#####..###..####
#........@g)...#...<.$.
####.#######.##.#
#.>..# ####.# #.# #.#
#.# # ##########.#
#.#..........#


You could see a gnoll.

Vanquished Creatures
  An orc wizard (D:3)
  5 gnolls (D:3)
  4 adders
  An ooze (D:1)
  3 worms
  2 leopard geckos
  A ball python (D:3)
  3 giant cockroaches
  6 goblins
  3 hobgoblins
  9 jackals
  10 bats
  5 frilled lizards
  8 kobolds
  6 rats
67 creatures vanquished.

Notes
Turn   | Place    | Note
-------+----------+-------------------------------------------
     0 | D:1      | Askren the Hill Orc Fighter began the quest for the Orb.
     0 | D:1      | Reached XP level 1. HP: 19/19 MP: 1/1
   178 | D:1      | Reached XP level 2. HP: 27/27 MP: 2/2
   298 | D:1      | Reached skill level 3 in Axes
   628 | D:1      | Reached XP level 3. HP: 33/33 MP: 3/3
  1690 | D:2      | Reached XP level 4. HP: 40/40 MP: 4/4
  1913 | D:2      | Reached skill level 4 in Axes
  2431 | D:3      | Reached XP level 5. HP: 9/47 MP: 5/5
  2527 | D:3      | Found a sacrificial altar of Ru.
  2726 | D:3      | Reached skill level 5 in Axes
  2737 | D:3      | Slain by a gnoll

Illustrated notes

Levels and vault maps discovered:
D:1:      lemuel_arrival_funnel, layout_basic
D:2:      minmay_alternating_diamond, layout_basic, first_ration
D:3:      layout_loops_ring, tso_oasis_becter,
          nicolae_ru_great_annihilating_truth, serial_bayou_ford_a, uniq_ijyb

Skill      XL: |  1  2  3  4  5 |
---------------+----------------+-----
Axes           | 3 4 5 |  5.0
Fighting       | 4 |  4.5
Armour         | 4 |  4.5
Dodging        | |  0.3
Stealth        | |  0.1
Shields        | |  3.9

Action                   |  1- 3 |  4- 6 || total
-------------------------+-------+-------++-------
Melee: War axe           |   140 |   111 ||   251
  Use: Potion            |       |     1 ||     1
 Stab: Invisible         |       |     1 ||     1
  Eat: Chunk             |     3 |     2 ||     5
       Ration            |       |     1 ||     1
Armor: Scale mail        |    86 |    49 ||   135
Dodge: Dodged            |    60 |    42 ||   102
Block: Kite shield       |    79 |    71 ||   150
